 Dungeon Crawl Stone Soup version 0.29-a0-982-gaed3a0c8d8 (webtiles) character file.

Game seed: 3103741664506362857

31910 Sobieck the Covert (level 13, -7/70 HPs)
             Began as a Vine Stalker Brigand on Aug 1, 2022.
             Was an Elder of Uskayaw.
             Mangled by a spriggan rider
             ... wielding a +0 spear
              (15 damage)
             ... on level 5 of the Lair of Beasts.
             The game lasted 00:37:40 (14436 turns).

Sobieck the Covert (Vine Stalker Brigand)          Turns: 14436, Time: 00:37:41

Health: -7/70      AC: 16    Str: 14    XL:     13   Next: 61%
Magic:  0/21       EV: 17    Int: 11    God:    Uskayaw [****..]
Gold:   510        SH:  6    Dex: 21    Spells: 12/12 levels left

rFire   . . .      SeeInvis +   a - +3 dagger {short}
rCold   . . .      Faith    +   N - +0 buckler
rNeg    . . .      Spirit   +   q - +0 robe
rPois   .          Reflect  .   v - +2 helmet
rElec   .          Harm     .   c - +2 cloak
rCorr   .          Rampage  .   U - +1 pair of gloves
Will    +....                   I - +1 pair of boots
Stlth   ++++++....              i - amulet of faith {!P}
HPRegen 1.01/turn               h - ring of see invisible
MPRegen 0.17/turn               F - +4 ring of protection

@: marked
A: fangs 3, regeneration 1, magic shield, antimagic bite, no potion heal 2
a: Renounce Religion, Stomp, Line Pass


You were on level 5 of the Lair of Beasts.
You worshipped Uskayaw.
Uskayaw was aware of your devotion.
You visited 3 branches of the dungeon, and saw 16 of its levels.
You also visited: Sewer, Ossuary and Gauntlet.

You collected 950 gold pieces.
You spent 440 gold pieces at shops.


Innate Abilities, Weirdness & Mutations

You have razor-sharp teeth.
Your natural rate of healing is unusually fast.
When hurt, damage is shared between your health and your magic reserves.
Your bite disrupts and absorbs the magic of your enemies.
Potions cannot restore your health.


   Skills:
 + Level 9.3 Fighting
 - Level 10.0 Short Blades
 - Level 1.7 Throwing
 + Level 7.7 Dodging
 - Level 14.0 Stealth
 - Level 5.0 Shields
 + Level 10.4 Invocations


You had 12 spell levels left.
You didn't know any spells.
Your spell library contained the following spells:

 Spells                   Type           Power      Damage    Failure   Level
 Freeze                   Ice            0%         1d3       41%         1
 Summon Small Mammal      Summ           0%         N/A       41%         1
 Call Canine Familiar     Summ           0%         N/A       80%         3
 Frozen Ramparts          Ice            0%         1d8       80%         3
 Ozocubu's Armour         Ice            0%         N/A       80%         3
 Summon Guardian Golem    Hex/Summ       0%         N/A       80%         3
 Hailstorm                Conj/Ice       0%         3d3       99%         4
 Leda's Liquefaction      Hex/Erth       0%         N/A       99%         4
 Lee's Rapid Deconstruct  Erth           0%         3d5*      100%        5
 Statue Form              Tmut/Erth      0%         N/A       100%        6
 Ozocubu's Refrigeration  Ice            0%         4d7       100%        7

Inventory:

Hand Weapons
 a - a +3 dagger (weapon) {short}
 b - a +0 sling
   (You found it on level 6 of the Dungeon)
 f - the +6 long sword of Distant Shores {vorpal, Contam Fly rN+++ Will+, long}
   (You found it on level 6 of the Dungeon)

   It inflicts extra damage upon your enemies.
   rN:        It renders you almost immune to negative energy.
   Fly:       It grants you flight.
   Contam:    It causes magical contamination when unequipped.
   Will:      It increases your willpower.
 C - a +0 rapier {short}
   (You found it on level 6 of the Dungeon)
 K - a +1 dagger of venom {short}
   (You took it off an orc priest on level 9 of the Dungeon)
Missiles
 d - 15 poisoned darts (quivered) {throwing}
 e - 4 curare-tipped darts {=fthrowing}
 t - 122 stones {throwing}
 S - 3 boomerangs of dispersal {=f!fthrowing}
 X - 16 boomerangs {throwing}
 Z - 2 throwing nets {=f!fthrowing}
Armour
 c - a +2 cloak (worn)
 q - a +0 robe (worn)
 v - a +2 helmet (worn)
   (You found it on level 2 of the Dungeon)
 I - a +1 pair of boots (worn)
   (You found it on level 9 of the Dungeon)
 N - a +0 buckler (worn)
   (You found it on level 3 of the Dungeon)
 U - a +1 pair of gloves (worn)
   (You found it on level 2 of the Lair of Beasts)
 V - a +0 ring mail
   (You found it on level 5 of the Dungeon)
Jewellery
 h - a ring of see invisible (left hand)
   (You found it on level 1 of the Dungeon)
 i - an amulet of faith (around neck) {!P}
   (You bought it in a shop on level 8 of the Dungeon)
 x - a ring of fire
   (You found it on level 2 of the Dungeon)
 A - an amulet of magic regeneration {@e2}
   (You found it on level 2 of the Dungeon)
 D - a ring of protection from cold
   (You found it on level 9 of the Dungeon)
 F - a +4 ring of protection (right hand)
   (You found it on level 3 of the Dungeon)
 W - a +6 ring of intelligence
   (You found it on level 5 of the Dungeon)
Wands
 o - a wand of roots (12)
   (You found it on level 6 of the Dungeon)
 E - a wand of digging (12)
   (You found it on level 6 of the Dungeon)
 O - a wand of paralysis (15)
   (You found it on level 4 of the Dungeon)
 R - a wand of flame (49)
   (You found it on level 7 of the Dungeon)
 Y - a wand of acid (17)
   (You found it on level 5 of the Dungeon)
Scrolls
 k - a scroll of enchant weapon
 l - 6 scrolls of teleportation {@r4}
 p - 2 scrolls of blinking {!r}
 u - 8 scrolls of vulnerability {!r!r}
 w - 2 scrolls of poison {!r}
 B - 2 scrolls of fear
 M - a scroll of butterflies
 T - 6 scrolls of immolation {!r!r}
Potions
 g - 3 potions of magic
 j - 6 potions of haste {@q3}
 m - 16 potions of curing {@q1}
 n - 3 potions of lignification {!q}
 r - a potion of ambrosia
 s - a potion of cancellation {unknown}
 y - a potion of resistance {unknown}
 z - 6 potions of mutation {!q}
 G - 3 potions of might
 H - 5 potions of flight
 J - 2 potions of heal wounds {@q2}
 P - 4 potions of attraction {unknown}
 Q - 2 potions of brilliance

Dungeon Overview and Level Annotations

Branches:
Dungeon (10/15) Zot: 26651  Temple (1/1) D:4 Zot: 5904    Lair (5/5) D:9 Zot: 25446
 Shoals (0/4) Lair:2        Snake (0/4) Lair:2        Slime (0/5) Lair:5
    Orc (0/2) D:10          Sewer (visited)         Ossuary (visited)
Gauntlet (visited)

Altars:
Ashenzari
Cheibriados
Dithmenos
Elyvilon
Fedhas
Gozag
Hepliaklqana
Nemelex Xobeh
Sif Muna
Trog
Uskayaw
Wu Jian
Xom
Jiyva

Shops:
D:8 (=*=

Annotations:
D:3 1 runed translucent door, wingedge's ghost, weakling OgHW
D:4 2 transporters, Yogidamonk's ghost, amateur MiHu
D:10 1 runed translucent door, Pooter's ghost, journeyman MiBe
Lair:2 1 runed translucent door, room full of shit, exclusion: door, Coguiqiqih's ghost, journeyman DrCA

## #.. ## ...###. .♣
.hS.... ..♣ .h.....
...♣♣ ..h..YF ###...♣
...?YPY##.#...♣♣
#lY†.......♣
##Y†@......♣♣
###†h......♣
###...i.....♣♣
###.##.....^...♣
##.÷..P.........♣♣
#...÷<.......h...♣
.......P.#####∩..y.♣♣
......##.# ###.♣♣.♣
...... ### ♣#♣ .♣


You could see a spriggan rider (pain bonded), a polar bear (paralysed, pain
bonded), a komodo dragon (pain bonded), a cane toad (pain bonded), a hornet
(pain bonded), a water moccasin (paralysed, pain bonded), 4 wolves and 5 dream
sheep.


Message History

You hit the komodo dragon but do no damage.
Unknown command.
Unknown command.
You hit the komodo dragon but do no damage.
You bite the komodo dragon, but do no damage.
A wolf comes into view.
The komodo dragon bites you but does no damage.
A dream sheep comes into view.
You hit the komodo dragon.
A spriggan rider comes into view. It is wielding a +0 spear.
A komodo dragon comes into view.
The komodo dragon bites you.
Unknown command.
You barely miss the komodo dragon. Your bite misses the komodo dragon.
The wolf misses you.
Unknown command.
You closely miss the dream sheep.
A wolf comes into view.
You block the wolf's attack. The komodo dragon misses you.
The dream sheep bites something!
The dream sheep bites you but does no damage.
Unknown command.
You hit the dream sheep. The wolf misses you.
Unknown command.
You puncture the dream sheep! The wolf misses you.
You block the komodo dragon's attack. The dream sheep misses you.
You can now pass through a line of other dancers.
The wolf barely misses you. The wolf misses you.
The wolf bites you but does no damage. The wolf completely misses you.
The spriggan rider hits you from afar with a +0 spear!
The wolf bites you but does no damage. x2
The dream sheep are wreathed in dream dust.
You feel drowsy...
You fall asleep.
The wolf bites you but does no damage. The wolf bites you!
You wake up.
The wolf bites you. The wolf bites you but does no damage.
You block the wolf's attack. The spriggan rider closely misses you.
The wolf bites you but does no damage.
The komodo dragon hisses menacingly.
The komodo dragon closely misses you. You block the wolf's attack.
You hit the wolf. Your bite misses the wolf. You block the wolf's attack.
The wolf closely misses you. x2
A cane toad comes into view.
The spriggan rider hits you from afar with a +0 spear!!
* * * LOW HITPOINT WARNING * * *
The wolf barely misses you.
Unknown command.
You hit the wolf. Your bite misses the wolf.
The wolf bites you but does no damage. x3
The komodo dragon bites you but does no damage.
The wolf bites you.
* * * LOW HITPOINT WARNING * * *
A water moccasin comes into view.
The dream sheep bites the fungus.
The fungus begins to die.
A polar bear comes into view.
The wolf pauses to sniff the ground.
The wolf bites you.
* * * LOW HITPOINT WARNING * * *
The cane toad stings the fungus!
You hit the wolf. You bite the wolf. You drain its power.
You feel invigorated.
The wolf closely misses you. x2; The wolf completely misses you.
The spriggan rider closely misses you. The wolf closely misses you.
Unknown command.
You hit the wolf. You bite the wolf, but do no damage. The wolf bites you!
* * * LOW HITPOINT WARNING * * *
A hornet comes into view.
A wolf comes into view.
You block the wolf's attack.
The komodo dragon completely misses you.
You block the wolf's attack.
The cane toad stings the fungus.
The dream sheep bites the fungus!
The wolf bites you but does no damage. The wolf misses you.
Uskayaw will force your foes to helplessly watch your dance.
Uskayaw prepares the audience for your solo!
Unknown command.
The helpless wolf fails to defend itself.
You stick the wolf like a pincushion!!!!
You kill the wolf!
The helpless wolf fails to defend itself.
You perforate the wolf like a sieve!!!!
You kill the wolf!
The spriggan rider is no longer paralysed.
The dream sheep is no longer paralysed.
A wolf comes into view.
The spriggan rider hits you from afar with a +0 spear!
* * * LOW HITPOINT WARNING * * *
Uskayaw will force your foes to share their pain.
Uskayaw links your audience in an emotional bond!
The helpless komodo dragon fails to defend itself.
You stick the komodo dragon like a pincushion!!!!
You kill the wolf!
You kill the komodo dragon!
A wolf comes into view.
The helpless wolf fails to defend itself.
You stick the wolf like a pincushion!!!!
You kill the wolf!
The wolf is no longer paralysed.
The hornet is no longer paralysed.
The cane toad is no longer paralysed.
The komodo dragon is no longer paralysed.
The wolf is no longer paralysed.
The dream sheep is no longer paralysed.
The cane toad stings the fungus!
The dream sheep bites the fungus!
The spriggan rider hits you from afar with a +0 spear!!
You die...

Skill      XL: |  1  2  3  4  5  6  7  8  9 10 11 12 13 |
---------------+----------------------------------------+-----
Short Blades   | 2 3 4 5 6 8 10 | 10.0
Dodging        | 1 2 3 4 6 7 |  7.7
Fighting       | 2 3 4 5 6 8 9 |  9.3
Stealth        | 5 6 7 8 9 12 13 14 | 14.0
Invocations    | 2 4 6 7 9 10 | 10.4
Shields        | 3 5 |  5.0
Throwing       | |  1.7

Action                   |  1- 3 |  4- 6 |  7- 9 | 10-12 | 13-15 || total
-------------------------+-------+-------+-------+-------+-------++-------
Melee: Dagger            |   129 |   244 |   344 |   868 |   272 ||  1857
       Bite              |    21 |    65 |   130 |   371 |    76 ||   663
       Punch             |       |     2 |       |       |       ||     2
 Fire: Sling             |       |       |       |    47 |       ||    47
Throw: Stone             |       |     5 |       |       |       ||     5
       Dart              |       |       |     2 |       |       ||     2
  Use: Scroll            |       |    16 |     7 |     8 |     1 ||    32
       Potion            |       |       |       |     1 |     1 ||     2
 Stab: Sleeping          |     6 |    14 |    15 |    25 |    11 ||    71
       Distracted        |     1 |     1 |     2 |     2 |     2 ||     8
       Paralysed         |       |       |    14 |    51 |    30 ||    95
Armor: Robe              |    36 |    77 |    85 |   163 |    83 ||   444
Dodge: Dodged            |    82 |   146 |   172 |   312 |   166 ||   878
Block: Buckler           |       |     5 |    48 |   114 |    92 ||   259

Levels and vault maps discovered:
D:1:      elethiomel_arrival_shortcut, layout_loops_ring,
          hellmonk_ecumenical_altar_run_dry, minmay_pentomino_t2
D:2:      layout_loops_ring, basic_altar
D:3:      layout_loops_ring, ebering_ghost_reflecting_pool,
          portal_sewer_entry_a, minmay_misc_feat_iff, chequers_garden
D:4:      cheibrodos_old_hovel, layout_loops_corners,
          minmay_temple_entry_gardened_gates, gammafunk_ghost_smash
D:5:      layout_gridville
D:6:      layout_gridville
D:7:      layout_cave_pools, gammafunk_temple_overflow_pools, enter_ossuary_1
D:8:      layout_loops_corners, minmay_shop_grid_forest
D:9:      layout_roguey, trog_ov_bears_minmay, david_lair_shrubbed
D:10:     layout_irregular_city, mainiacjoe_overflow_alcove_4,
          hiddenorc2_lemuel, hellmonk_ghost_big_iron, wad_scary_box,
          uniq_maurice
Temple:   mainiacjoe_temple_bowtie_tessellation
Lair:1:   layout_long_grid
Lair:2:   layout_concentric_octagons, elwin_shoals_entry_rooms,
          minmay_snake_entry_guardpost_small, ebering_ghost_xom, st_stairs_4,
          nicolae_lair_lakeside_cave
Lair:3:   lemuel_reptile_caves, layout_hall_layers, columned_hall_lemuel
Lair:4:   layout_regular_city, nicolae_volcano_entry_batcave,
          grunt_megastairs_4, lemuel_fruit_tree
Lair:5:   minmay_lair_end_enchanted_forest, layout_gridlike,
          minmay_slime_entry_pillars, basic_altar, gauntlet_entry_generic

Notes
Turn   | Place    | Note
-------+----------+-------------------------------------------
     0 | D:1      | Sobieck the Vine Stalker Brigand began the quest for the
                  | Orb.
     0 | D:1      | Reached XP level 1. HP: 11/11 MP: 2/2
   181 | D:1      | HP: 2/11 [jackal (3)]
   185 | D:1      | Reached skill level 2 in Short Blades
   189 | D:1      | Reached skill level 1 in Dodging
   189 | D:1      | Reached XP level 2. HP: 3/15 MP: 1/3
   473 | D:1      | Reached skill level 2 in Fighting
   473 | D:1      | Reached skill level 5 in Stealth
   555 | D:1      | HP: 2/15 [rat (2)]
  1128 | D:1      | Reached XP level 3. HP: 9/18 MP: 4/4
  1343 | D:1      | You pick up a book of Callings and begin reading...
  1343 | D:1      | You add the spells Summon Small Mammal, Call Canine
                  | Familiar and Summon Guardian Golem to your library.
  1486 | D:1      | Found a faded altar of an unknown god.
  1550 | D:2      | Found a sparkling altar of Nemelex Xobeh.
  1930 | D:2      | HP: 4/18 [jackal (1)]
  1935 | D:2      | HP: 3/18 [ball python (1)]
  2284 | D:2      | Gained mutation: Your natural rate of healing is unusually
                  | fast. [Vine Stalker growth]
  2284 | D:2      | Reached XP level 4. HP: 21/23 MP: 5/5
  2614 | D:2      | Reached skill level 3 in Short Blades
  2799 | D:3      | Found a runed translucent door.
  2861 | D:3      | Found a glowing drain.
  2893 | D:3      | Reached XP level 5. HP: 21/27 MP: 6/6
  2910 | Sewer    | Entered a sewer
  2990 | Sewer    | Noticed a kobold brigand
  3022 | Sewer    | Killed a kobold brigand
  3023 | Sewer    | Reached skill level 2 in Dodging
  3023 | Sewer    | Reached XP level 6. HP: 31/32 MP: 7/7
  3084 | Sewer    | Found a white marble altar of Elyvilon.
  3233 | D:3      | Reached skill level 6 in Stealth
  3486 | D:3      | Reached skill level 3 in Fighting
  3530 | D:3      | You add the spells Ozocubu's Armour and Ozocubu's
                  | Refrigeration to your library.
  3681 | D:3      | Noticed wingedge's ghost (weakling OgHW)
  3712 | D:4      | Reached skill level 4 in Short Blades
  3810 | D:5      | Entered Level 5 of the Dungeon
  4210 | D:4      | Found a staircase to the Ecumenical Temple.
  4236 | D:4      | Reached XP level 7. HP: 36/36 MP: 8/8
  4243 | Temple   | Entered the Ecumenical Temple
  4313 | Temple   | Became a worshipper of Uskayaw the Reveller
  4373 | D:4      | Reached * piety under Uskayaw
  4380 | D:4      | HP: 7/36 [orc warrior/+0 flail (5)]
  4445 | D:4      | HP: 2/36 [orc warrior/+0 flail (13)]
  4492 | D:4      | Reached ** piety under Uskayaw
  4538 | D:4      | Found a transporter.
  4539 | D:4      | Noticed Yogidamonk's ghost (amateur MiHu)
  4540 | D:4      | Found a transporter.
  4543 | D:4      | Identified the +3 great mace of the Dozen People {vorpal,
                  | Fly rElec rN+ Int+2}
  4720 | D:4      | Reached *** piety under Uskayaw
  4749 | D:4      | Reached skill level 5 in Short Blades
  5032 | D:5      | Reached skill level 3 in Dodging
  5049 | D:5      | Reached skill level 7 in Stealth
  5118 | D:5      | Gained mutation: You have razor-sharp teeth. [Vine Stalker
                  | growth]
  5118 | D:5      | Reached XP level 8. HP: 40/42 MP: 9/9
  5122 | D:5      | Reached skill level 4 in Fighting
  5500 | D:5      | Reached skill level 6 in Short Blades
  5642 | D:6      | Identified the +6 long sword of Distant Shores {vorpal,
                  | Contam Fly rN+++ Will+}
  5683 | D:6      | Reached skill level 1 in Invocations
  5954 | D:6      | Reached skill level 8 in Stealth
  5981 | D:6      | Reached skill level 2 in Invocations
  5989 | D:6      | Reached XP level 9. HP: 45/46 MP: 11/11
  6138 | D:6      | Reached skill level 5 in Fighting
  6140 | D:6      | Reached **** piety under Uskayaw
  6145 | D:6      | Reached skill level 7 in Short Blades
  6443 | D:7      | Reached skill level 3 in Invocations
  6460 | D:7      | Found a sand-covered staircase.
  6469 | Ossuary  | Entered an ossuary
  6986 | D:7      | Reached skill level 9 in Stealth
  6998 | D:7      | Reached ***** piety under Uskayaw
  7058 | D:7      | Found a shadowy altar of Dithmenos.
  7058 | D:7      | Found an ornate altar of the Wu Jian Council.
  7107 | D:8      | Reached skill level 8 in Short Blades
  7142 | D:8      | Reached skill level 4 in Invocations
  7151 | D:8      | Reached ****** piety under Uskayaw
  7169 | D:8      | HP: 10/47 [wyvern (6)]
  7175 | D:8      | HP: 7/47 [wyvern (6)]
  7178 | D:8      | Reached XP level 10. HP: 9/51 MP: 7/14
  7282 | D:8      | Found Fezas's Assorted Antiques.
  7284 | D:8      | Found Ysoatiw's Jewellery Shoppe.
  7293 | D:8      | Found Ynwixaox's Jewellery Shoppe.
  7298 | D:8      | Found Kuanan's Weapon Shoppe.
  7317 | D:8      | Bought an amulet of faith for 440 gold pieces
  7331 | D:8      | Noticed an unseen horror
  7338 | D:8      | Killed an unseen horror
  7339 | D:8      | Reached skill level 9 in Short Blades
  7339 | D:8      | Reached skill level 10 in Stealth
  7455 | D:8      | Reached skill level 5 in Invocations
  8182 | D:9      | Found a staircase to the Lair.
  8267 | D:9      | You pick up a book of the Earth and begin reading...
  8267 | D:9      | You add the spells Leda's Liquefaction, Lee's Rapid
                  | Deconstruction and Statue Form to your library.
  8360 | D:9      | Reached skill level 10 in Short Blades
  8369 | D:9      | Reached skill level 11 in Stealth
  8369 | D:9      | Reached skill level 6 in Invocations
  8445 | D:9      | Found a bloodstained altar of Trog.
  8462 | D:9      | Reached skill level 12 in Stealth
  8553 | D:9      | Reached XP level 11. HP: 55/55 MP: 16/16
  8654 | D:9      | Reached skill level 1 in Shields
  8962 | D:10     | Entered Level 10 of the Dungeon
  8962 | D:10     | Noticed Maurice
  8966 | D:10     | Killed Maurice
  8981 | D:10     | Found a runed translucent door.
  8981 | D:10     | Noticed Pooter's ghost (journeyman MiBe)
  9124 | D:10     | Found a staircase to the Orcish Mines.
  9239 | D:10     | HP: 1/56 [gargoyle/+0 dire flail (18)]
  9364 | Lair:1   | Entered Level 1 of the Lair of Beasts
  9383 | Lair:1   | Reached skill level 2 in Shields
  9810 | Lair:1   | Reached skill level 4 in Dodging
  9961 | Lair:1   | Reached skill level 6 in Fighting
  9961 | Lair:1   | Reached skill level 7 in Invocations
 10197 | Lair:1   | Reached skill level 3 in Shields
 10197 | Lair:1   | HP: 9/56 [poisoned by a cane toad]
 10693 | Lair:2   | Noticed a four-headed hydra
 10702 | Lair:2   | Reached skill level 13 in Stealth
 10705 | Lair:2   | Killed a four-headed hydra
 10719 | Lair:2   | Found a runed translucent door.
 10720 | Lair:2   | Found a shimmering altar of Xom.
 10720 | Lair:2   | Noticed Coguiqiqih's ghost (journeyman DrCA)
 10721 | Lair:2   | Noticed a +2 flail of chaos
 10745 | Lair:2   | Found a staircase to the Snake Pit.
 10832 | Lair:2   | Reached XP level 12. HP: 62/62 MP: 18/18
 10950 | Lair:2   | HP: 15/62 [poisoned by a naga]
 11004 | Lair:2   | Noticed a seven-headed hydra
 11021 | Lair:2   | Killed a seven-headed hydra
 11022 | Lair:2   | Reached skill level 5 in Dodging
 11022 | Lair:2   | Reached skill level 4 in Shields
 11128 | Lair:2   | Reached skill level 8 in Invocations
 11132 | Lair:2   | Reached skill level 7 in Fighting
 11261 | Lair:2   | Found a staircase to the Shoals.
 11547 | Lair:2   | Noticed a six-headed hydra
 11577 | Lair:2   | Reached skill level 5 in Shields
 11605 | Lair:2   | Reached skill level 14 in Stealth
 11657 | Lair:2   | Killed a six-headed hydra
 11715 | Lair:2   | Reached skill level 6 in Dodging
 11761 | Lair:2   | Noticed an alligator
 11761 | Lair:2   | Noticed an alligator
 12253 | Lair:3   | Noticed a death yak
 12293 | Lair:2   | Killed a death yak
 12294 | Lair:2   | Reached skill level 8 in Fighting
 12294 | Lair:2   | Reached skill level 9 in Invocations
 12555 | Lair:3   | Reached XP level 13. HP: 68/68 MP: 18/20
 13052 | Lair:4   | Reached skill level 7 in Dodging
 13196 | Lair:4   | You pick up a book of Frost and begin reading...
 13196 | Lair:4   | You add the spells Freeze, Frozen Ramparts and Hailstorm to
                  | your library.
 13689 | Lair:4   | Reached skill level 10 in Invocations
 13694 | Lair:4   | Reached skill level 9 in Fighting
 13778 | Lair:4   | Found a dark tunnel.
 14058 | Lair:5   | Entered Level 5 of the Lair of Beasts
 14058 | Lair:5   | Found a staircase to the Slime Pits.
 14058 | Lair:5   | Found a viscous altar of Jiyva.
 14092 | Lair:5   | Found a gate leading to a gauntlet.
 14190 | Gauntlet | Entered a Gauntlet
 14190 | Gauntlet | Found a transporter.
 14192 | Gauntlet | Noticed an entropy weaver
 14193 | Gauntlet | Found a transporter.
 14195 | Gauntlet | Found a transporter.
 14196 | Gauntlet | Found a transporter.
 14199 | Gauntlet | Found a transporter.
 14200 | Gauntlet | Found a transporter.
 14215 | Gauntlet | Found a transporter.
 14221 | Gauntlet | Found a runed translucent door.
 14227 | Gauntlet | Found a transporter.
 14284 | Gauntlet | Noticed a quicksilver ooze
 14287 | Gauntlet | Found a transporter.
 14289 | Gauntlet | Found a transporter.
 14293 | Gauntlet | Found a transporter.
 14304 | Gauntlet | Found a transporter.
 14359 | Gauntlet | Noticed an ettin
 14359 | Gauntlet | a slime creature changed into an ettin
 14363 | Gauntlet | an ettin changed into a tyrant leech
 14364 | Gauntlet | Noticed a fire dragon
 14364 | Gauntlet | a tyrant leech changed into a fire dragon
 14365 | Gauntlet | a fire dragon changed into a slime creature
 14377 | Gauntlet | Noticed a spark wasp
 14377 | Gauntlet | a goliath frog changed into a spark wasp
 14383 | Gauntlet | a spark wasp changed into an anaconda
 14432 | Lair:5   | HP: 14/70 [wolf (5)]
 14436 | Lair:5   | Mangled by a spriggan rider

Vanquished Creatures
  5 hydras
  A death yak (Lair:2)
  A manticore (Lair:2)
  8 elephants
  Maurice (D:10)
  2 torpor snails (Lair:2)
  A black mamba (Lair:2)
  A merfolk siren (Lair:2)
  11 cane toads
  8 komodo dragons
  An unseen horror (D:8)
  2 rime drakes (Lair:3)
  2 merfolk (Lair:2)
  A polar bear (Lair:5)
  9 blink frogs
  A shadow (D:9)
  22 yaks
  2 wyverns
  3 fire bats (Lair:4)
  3 basilisks
  A steam dragon (D:6)
  4 nagas (Lair:2)
  36 water moccasins
  2 ice beasts (D:6)
  2 orc warriors
  4 black bears
  A sky beast (D:8)
  An ogre (D:5)
  13 wolves
  A centaur (D:8)
  2 phantoms
  A kobold brigand (Sewer)
  19 bullfrogs
  3 necrophages
  7 scorpions
  12 wights
  11 killer bees
  An electric eel (Lair:3)
  8 orc priests
  8 hounds
  A gnoll bouda (D:6)
  4 jellies
  5 iguanas
  A hell rat (Lair:2)
  12 orc wizards
  A hound zombie (Ossuary)
  4 mummies (Ossuary)
  5 gnolls
  23 adders
  4 river rats
  3 shadow imps
  2 adder zombies (Ossuary)
  A worm (D:3)
  4 dart slugs
  44 orcs
  5 endoplasms
  10 giant cockroaches
  2 gnoll zombies (Ossuary)
  10 goblins
  4 hobgoblins
  16 jackals
  2 quokkas
  11 ball pythons
  5 bats
  4 frilled lizards
  2 goblin zombies (Ossuary)
  3 hobgoblin zombies (Ossuary)
  A jackal zombie (Ossuary)
  7 kobolds
  A kobold zombie (Ossuary)
  9 rats
428 creatures vanquished.

Vanquished Creatures (others)
  25 fungi
  44 plants
69 creatures vanquished.

Grand Total: 497 creatures vanquished

Table legend:
 A = Non-vault XP
 B = Vault XP
 C = Vault XP percentage of total XP
 D = Non-vault monster count
 E = Vault monster count
 F = Vault count percentage of total count
                 A         B        C        D         E       F
            +---------+---------+-------+---------+---------+-------
      Total |   33776 |   11925 |  26.1 |     296 |     132 |  30.8
            +---------+---------+-------+---------+---------+-------
        D:1 |      38 |       2 |   5.0 |      21 |       1 |   4.5
        D:2 |      92 |       0 |   0.0 |      27 |       0 |   0.0
        D:3 |      90 |      24 |  21.1 |      25 |       6 |  19.4
        D:4 |     585 |       3 |   0.5 |      23 |       1 |   4.2
        D:5 |     669 |       0 |   0.0 |      17 |       0 |   0.0
        D:6 |    1052 |       0 |   0.0 |      14 |       0 |   0.0
        D:7 |     787 |       0 |   0.0 |      12 |       0 |   0.0
        D:8 |    2303 |       0 |   0.0 |      29 |       0 |   0.0
        D:9 |    3133 |     623 |  16.6 |      28 |       3 |   9.7
       D:10 |     455 |     786 |  63.3 |       9 |      31 |  77.5
     Lair:1 |    5180 |       0 |   0.0 |      25 |       0 |   0.0
     Lair:2 |    8782 |    5179 |  37.1 |      25 |      20 |  44.4
     Lair:3 |    2486 |    3420 |  57.9 |      16 |      33 |  67.3
     Lair:4 |    5872 |    1160 |  16.5 |      17 |       6 |  26.1
     Lair:5 |    2252 |     463 |  17.1 |       8 |       4 |  33.3
      Sewer |       0 |     149 | 100.0 |       0 |      11 | 100.0
    Ossuary |       0 |     116 | 100.0 |       0 |      16 | 100.0
            +---------+---------+-------+---------+---------+-------

Illustrated notes

Table legend:
 A = Kills in this place as a percentage of kills in entire the game.
 B = Kills by you in this place as a percentage of kills by you in the entire game.
 C = Kills by friends in this place as a percentage of kills by friends in the entire game.
 D = Other kills in this place as a percentage of other kills in the entire game.
 E = Experience gained in this place as a percentage of experience gained in the entire game.
 F = Experience gained in this place divided by the number of levels of this place that you have seen.
                   A       B       C       D       E      F
               +-------+-------+-------+-------+-------+----------------------
         Total | 100.0 | 100.0 |   N/A |   N/A | 100.0 | 2405.3
       Dungeon |  57.7 |  57.7 |   N/A |   N/A |  23.3 | 1064.2
          Lair |  36.0 |  36.0 |   N/A |   N/A |  76.1 | 6958.8
         Sewer |   2.6 |   2.6 |   N/A |   N/A |   0.3 | 149.0
       Ossuary |   3.7 |   3.7 |   N/A |   N/A |   0.3 | 116.0
               +-------+-------+-------+-------+-------+----------------------

Table legend: (Time is in decaauts)
 A = Elapsed time spent in this place.
 B = Non-inter-level travel time spent in this place.
 C = Inter-level travel time spent in this place.
 D = Time resting spent in this place.
 E = Time spent auto-exploring this place.
 F = Levels seen in this place.
 G = Mean time per level.
                   A        B        C        D        E       F      G
               +--------+--------+--------+--------+--------+-----+--------+
         Total |  13878 |  13296 |    582 |    926 |   9071 |  19 |  730.4 |
       Dungeon |   8529 |   8164 |    365 |    440 |   6016 |  10 |  852.9 |
        Temple |     95 |     71 |     24 |      0 |     59 |   1 |   95.0 |
          Lair |   4552 |   4359 |    193 |    486 |   2778 |   5 |  910.4 |
         Sewer |    306 |    306 |      0 |      0 |    122 |   1 |  306.0 |
       Ossuary |    177 |    177 |      0 |      0 |     91 |   1 |  177.0 |
      Gauntlet |    217 |    217 |      0 |      0 |      4 |   1 |  217.0 |
               +--------+--------+--------+--------+--------+-----+--------+

Top non-repeatable levels by time:
     D:1: 1541 daAuts
  Lair:2: 1452 daAuts
  Lair:1: 1193 daAuts
     D:2: 1186 daAuts
     D:4: 1049 daAuts
  Lair:4: 1006 daAuts
     D:9: 906 daAuts
     D:8: 873 daAuts
  Lair:3: 803 daAuts
     D:6: 772 daAuts
     D:3: 760 daAuts
     D:5: 649 daAuts
     D:7: 519 daAuts
   Sewer: 306 daAuts
    D:10: 268 daAuts
